 Dungeon Crawl Stone Soup version 0.17-a0-1-g1f4be75 (webtiles) character file.

36 Malachi the Grave Robber (level 3, -1/19 HPs)
             Began as a Gargoyle Necromancer on Mar 7, 2015.
             Slain by an adder zombie (2 damage)
             ... on level 2 of the Dungeon.
             The game lasted 00:03:35 (1607 turns).

Malachi the Grave Robber (Gargoyle Necromancer)     Turns: 1607, Time: 00:03:35

Health: -1/19      AC:  6    Str: 11    XL:     3   Next: 37%
Magic:  6/6        EV: 12    Int: 16    God:
Gold:   53         SH:  0    Dex: 10    Spells: 2 memorised, 4 levels left

rFire  . . .     SeeInvis .     (no weapon)
rCold  . . .     Clarity  .     a - +0 robe
rNeg   + . .     SustAb   .     (no shield)
rPois  ∞         Gourm    .     (no helmet)
rElec  +         Spirit   .     (no cloak)
rCorr  .         Warding  .     r - +0 pair of gloves
rMut   .         Stasis   .     (no boots)
MR     .....                    (no amulet)
Stlth  ++........               (no ring)
                                (no ring)

@: not resistant to hostile enchantments, unstealthy
A: negative energy resistance 1, electricity resistance, unbreathing,
petrification resistance, rot immunity, AC +3
a: no special abilities


You were on level 2 of the Dungeon.
You were near starving.

You visited 1 branch of the dungeon, and saw 2 of its levels.

You collected 53 gold pieces.

Inventory:

Hand weapons
 f - a +0 short sword
Missiles
 e - 3 javelins (quivered)
Armour
 a - a +0 robe (worn)
 r - a +0 pair of gloves (worn)
Jewellery
 k - a +4 ring of protection {unknown}
 q - a +2 ring of evasion {unknown}
Scrolls
 g - a scroll of random uselessness {unknown}
 i - 5 scrolls of identify {unknown}
 l - a scroll of enchant armour {unknown}
 p - a scroll of remove curse {unknown}
Potions
 d - 2 potions of curing {unknown}
 h - 2 potions of invisibility {unknown}
 j - a potion of heal wounds {unknown}
 o - 2 potions of flight {unknown}
Books
 b - a book of Necromancy

   Spells                             Type                      Level
   a - Pain                           Necromancy                   1
   b - Animate Skeleton               Necromancy                   1
   c - Vampiric Draining              Necromancy                   3
   d - Regeneration                   Charms/Necromancy            3
   e - Animate Dead                   Necromancy                   4
   f - Control Undead                 Necromancy                   4
Comestibles
 c - a bread ration
 n - a beef jerky


   Skills:
 + Level 0.2 Fighting
 + Level 1.7 Dodging
 + Level 2.1 Stealth
 + Level 2.4 Spellcasting
 + Level 3.8 Necromancy


You had 4 spell levels left.
You knew the following spells:

 Your Spells              Type           Power        Failure   Level  Hunger
a - Pain                  Necr           ##..         6%          1    #......
b - Animate Skeleton      Necr           N/A          6%          1    #......


Dungeon Overview and Level Annotations

Branches:
Dungeon (2/15)

Altars:
Vehumet


Innate Abilities, Weirdness & Mutations

You are resistant to torment.
You are immune to poison.
Your stone body is very resilient (AC +3).
You resist negative energy.
You are resistant to electric shocks.
You can survive without breathing.
You are immune to petrification.
You are immune to rotting.


Message History

The adder zombie barely misses you. The adder zombie barely misses you.
The adder zombie closely misses you.
The adder zombie bites you but does no damage.
The adder zombie completely misses you. The adder zombie misses you.
The adder zombie misses you.
The adder zombie bites you but does no damage.
The adder zombie barely misses you.
The adder zombie bites you but does no damage.
The adder zombie bites you but does no damage.
The adder zombie barely misses you. The adder zombie bites you.
* * * LOW HITPOINT WARNING * * *
The adder zombie bites you but does no damage.
The adder zombie closely misses you. The adder zombie barely misses you.
The adder zombie bites you but does no damage.
The adder zombie bites you.
You die...

.........####.....##
..###.....# ##...)...
...###.....###..##..#.
8...........##.##.....
......#..#............#
....##...≈≈≈≈≈.≈≈≈≈.#
...##..≈≈≈≈≈.≈≈≈≈.#
#Z###.≈≈≈≈≈.≈≈≈≈..
#@.##.≈≈≈≈≈.≈≈≈≈..
#..#..........≈≈≈≈..
##.####.≈≈≈≈........ #.
#.≈≈≈≈.≈≈≈≈≈.. #.
#.≈≈≈≈.≈≈≈≈≈.. ..
#.≈≈≈≈.≈≈≈≈≈.. ..
..≈≈≈≈. ≈≈≈≈.. ..
...... ..... . .....
...#


You could see an adder zombie.

Vanquished Creatures
  A giant gecko (D:2)
  3 goblins
  3 hobgoblins (D:1)
  A jackal (D:2)
  5 bats
  A giant cockroach (D:1)
  5 kobolds
  3 rats (D:1)
22 creatures vanquished.

Vanquished Creatures (collateral kills)
  A giant mite (D:2)
  A giant gecko (D:2)
  3 giant cockroaches
  A jackal (D:2)
  A ball python (D:1)
  2 goblins (D:2)
9 creatures vanquished.

Vanquished Creatures (others)
  A giant gecko skeleton (D:2)
  A kobold skeleton (D:1)
2 creatures vanquished.

Grand Total: 33 creatures vanquished

Notes
Turn   | Place    | Note
--------------------------------------------------------------
     0 | D:1      | Malachi, the Gargoyle Necromancer, began the quest for the Orb.
     0 | D:1      | Reached XP level 1. HP: 10/10 MP: 3/3
   109 | D:1      | Learned a level 1 spell: Animate Skeleton
   482 | D:1      | Reached XP level 2. HP: 13/15 MP: 1/4
  1292 | D:2      | Found a radiant altar of Vehumet.
  1323 | D:2      | Reached XP level 3. HP: 10/19 MP: 1/6
  1607 | D:2      | Slain by an adder zombie

Action                   || total
-------------------------++-------
Melee: Unarmed           ||    36
 Cast: Pain              ||    38
       Animate Skeleton  ||     8
  Eat: Chunk             ||     1
